 Dungeon Crawl Stone Soup version 0.30-a0-137-gd8773701ce (webtiles) character file.

Game seed: 2769163319656946844

148280 Flugkiller the Impaler (level 18, -3/143 (151) HPs)
             Began as a Formicid Hunter on Sept 21, 2022.
             Was an Elder of Uskayaw.
             Slain by a pharaoh ant (4 damage)
             ... on level 4 of the Spider Nest.
             The game lasted 00:37:40 (32034 turns).

Flugkiller the Impaler (Formicid Hunter)           Turns: 32034, Time: 00:37:40

HP:   -3/143 (151)  AC: 16    Str: 21    XL:     18   Next: 11%
MP:   29/29         EV: 25    Int: 10    God:    Uskayaw [****..]
Gold: 385           SH: 11    Dex: 31    Spells: 17/17 levels left

rFire   . . .      SeeInvis +    J - +13 scythe of Curses {drain, Drain}
rCold   + . .      Faith    +    T - +2 buckler {AC+3}
rNeg    . . .      Spirit   .    G - +3 leather armour of Life {rElec rPois}
rPois   +          Reflect  .    (helmet unavailable)
rElec   +          Harm     .    S - +0 cloak
rCorr   .          Rampage  .    j - +2 pair of gloves
Will    +....      Clarity  +    C - +2 pair of boots {Stlth+}
Stlth   ++++......               Y - amulet of faith
HPRegen 0.33/turn                e - +6 ring of dexterity
MPRegen 0.21/turn                N - +6 ring of dexterity

@: lethally poisoned (-3 -> -6), drained
A: permanent stasis, dig shafts and tunnels, antennae 3, four strong arms,
clarity, cold resistance 1, high MP 1, noise suppression
a: Dig, Shaft Self, Renounce Religion, Stomp, Line Pass


You were on level 4 of the Spider Nest.
You worshipped Uskayaw.
Uskayaw was aware of your devotion.
You visited 5 branches of the dungeon, and saw 27 of its levels.
You also visited: Ice Cave.

You collected 2498 gold pieces.
You spent 2113 gold pieces at shops.

Inventory:

Hand Weapons
 a - a +8 glaive of flaming
   (You took it off Maggie on level 6 of the Dungeon)
 b - a +5 sling of flaming
   (You found it on level 4 of the Dungeon)
 J - the +13 scythe of Curses (weapon) {drain, Drain}
   (You bought it in a shop on level 3 of the Dungeon)

   A truly terrible weapon, it drains the life of any living foe it strikes.
   It inflicts powerful necromantic curses on any living foe it strikes.
   Drain:     It drains your maximum health when unequipped.
Missiles
 R - 2 curare-tipped darts (quivered)
Armour
 j - a +2 pair of gloves (worn)
   (You found it on level 2 of the Dungeon)
 C - a +2 pair of boots of stealth (worn)
   (You found it in an ice cave)
 G - the +3 leather armour of Life (worn) {rElec rPois}
   (You bought it in a shop on level 8 of the Dungeon)

   rElec:     It insulates you from electricity.
   rPois:     It protects you from poison.
 S - a +0 cloak (worn)
   (You took it off Crazy Yiuf on level 2 of the Dungeon)
 T - a +2 buckler of protection (worn)
   (You took it off a tengu warrior on level 15 of the Dungeon)
 U - a +2 kite shield
   (You took it off a tengu warrior on level 15 of the Dungeon)
 V - a +2 chain mail of cold resistance
   (You found it in an ice cave)
 W - the +4 scale mail of Umpysifal {rF+ Int+5}
   (You found it on level 2 of the Spider Nest)

   Int:       It affects your intelligence (+5).
   rF:        It protects you from fire.
Jewellery
 c - a ring of protection from cold
   (You took it off a reaper in an ice cave)
 e - a +6 ring of dexterity (left hand)
   (You found it on level 5 of the Lair of Beasts)
 p - a ring of protection from fire
   (You found it on level 5 of the Dungeon)
 I - a ring of flight
   (You found it on level 7 of the Dungeon)
 N - a +6 ring of dexterity (right hand)
   (You took it off a centaur on level 8 of the Dungeon)
 Y - an amulet of faith (around neck)
   (You found it on level 3 of the Spider Nest)
Wands
 g - a wand of flame (16)
   (You took it off Maurice on level 8 of the Dungeon)
 y - a wand of roots (23)
   (You took it off a hobgoblin on level 4 of the Dungeon)
 z - a wand of mindburst (45)
   (You found it on level 10 of the Dungeon)
 A - a wand of acid (9)
   (You found it on level 10 of the Dungeon)
 E - a wand of paralysis (8)
   (You found it on level 10 of the Dungeon)
 F - a wand of digging (9)
   (You found it on level 5 of the Dungeon)
 M - a wand of polymorph (22)
   (You took it off a centaur on level 8 of the Dungeon)
Scrolls
 h - a scroll of butterflies
 k - 2 scrolls of amnesia
 o - 3 scrolls of torment
 s - 6 scrolls of magic mapping
 t - 2 scrolls of poison
 v - 6 scrolls of immolation
 B - 3 scrolls of brand weapon
 D - 4 scrolls of vulnerability
 K - 2 scrolls of enchant armour
 Q - 6 scrolls of fear
Potions
 d - 4 potions of might
 f - 6 potions of lignification
 i - 3 potions of brilliance
 m - 6 potions of flight
 n - a potion of resistance
 q - 12 potions of curing
 u - 3 potions of magic
 w - 3 potions of heal wounds
 x - a potion of cancellation
 H - 3 potions of invisibility
 L - 3 potions of mutation
 O - 3 potions of attraction
 P - 2 potions of ambrosia
Miscellaneous
 l - a phial of floods
   (You found it on level 10 of the Dungeon)
 X - a tin of tremorstones (1/2)
   (You found it on level 3 of the Spider Nest)


   Skills:
 + Level 16.0 Fighting
 - Level 19.9(20.0) Polearms
 - Level 1.5(13.2) Staves
 - Level 4.0 Ranged Weapons
 - Level 12.0 Dodging
 - Level 1.2 Stealth
 + Level 9.5 Shields
 + Level 11.9 Invocations
 - Level 8.0 Evocations


You had 17 spell levels left.
You didn't know any spells.
Your spell library contained the following spells:

 Spells                   Type           Power      Damage    Failure   Level
 Beastly Appendage        Tmut           0%         N/A       45%         1
 Sting                    Tmut/Pois      0%         1d3       45%         1
 Summon Small Mammal      Summ           0%         N/A       45%         1
 Cigotuvi's Dreadful Rot  Necr/Pois/Air  0%         N/A       61%         2
 Ensorcelled Hibernation  Hex/Ice        0%         N/A       61%         2
 Poisonous Vapours        Pois/Air       0%         N/A       61%         2
 Static Discharge         Conj/Air       0%         2-2/arc   61%         2
 Wereblood                Tmut           0%         N/A       61%         2
 Call Canine Familiar     Summ           0%         N/A       83%         3
 Dazzling Flash           Conj/Hex       0%         N/A       83%         3
 Frozen Ramparts          Ice            0%         1d1       83%         3
 Gell's Gravitas          Tloc           0%         N/A       83%         3
 Lesser Beckoning         Tloc           0%         N/A       83%         3
 Mephitic Cloud           Conj/Pois/Air  0%         N/A       83%         3
 Spider Form              Tmut/Pois      0%         N/A       83%         3
 Stone Arrow              Conj/Erth      0%         3d7       83%         3
 Summon Guardian Golem    Hex/Summ       0%         N/A       83%         3
 Teleport Other           Tloc           0%         N/A       83%         3
 Anguish                  Hex/Necr       0%         N/A       99%         4
 Animate Armour           Summ/Erth      0%         N/A       99%         4
 Dispel Undead            Necr           0%         3d6       99%         4
 Ice Form                 Ice/Tmut       0%         N/A       99%         4
 Olgreb's Toxic Radiance  Pois           0%         N/A       99%         4
 Passage of Golubria      Tloc           0%         N/A       99%         4
 Summon Ice Beast         Ice/Summ       0%         N/A       99%         4
 Agony                    Necr           0%         N/A       100%        5
 Freezing Cloud           Conj/Ice/Air   0%         6-21      100%        5
 Lee's Rapid Deconstruct  Erth           0%         3d5*      100%        5
 Metabolic Englaciation   Hex/Ice        0%         N/A       100%        5
 Silence                  Hex/Air        0%         N/A       100%        5
 Death Channel            Necr           0%         N/A       100%        6
 Simulacrum               Ice/Necr       0%         N/A       100%        6
 Lehudib's Crystal Spear  Conj/Erth      0%         10d2      100%        8
 Polar Vortex             Ice            0%         N/A       100%        9
 Blink                    Tloc           Unusable   N/A       N/A         2

Dungeon Overview and Level Annotations

Branches:
Dungeon (15/15) Zot: 25653  Temple (1/1) D:7 Zot: 5973    Lair (5/5) D:11 Zot: 22406
  Swamp (0/4) Lair:3       Spider (4/4) Lair:3 Zot: 19978   Slime (0/5) Lair:5
    Orc (2/2) D:10 Zot: 10901     Elf (0/3) Orc:2        Vaults (0/5) D:13
 Depths (0/4) D:15          IceCv (visited)

Altars:
Ashenzari
Dithmenos
Elyvilon
Gozag
Kikubaaqudgha
Makhleb
Okawaru
Sif Muna
Uskayaw
Vehumet
Wu Jian
Yredelemnul
Zin
The Shining One
Jiyva

Shops:
D:3 *   D:8 **   D:10 (*   D:11 *   D:12 (   D:13 *   D:14 **   Orc:2 *[:(

Annotations:
D:13 3 runed translucent doors, wilfster70's ghost, journeyman MiFi
Lair:5 3 runed translucent doors, Flugkiller's ghost, journeyman MeIE


Innate Abilities, Weirdness & Mutations

You cannot be hasted, slowed, berserked, paralysed or teleported.
You can dig through walls and to a lower floor.
You have a pair of large antennae on your head. (SInv)
Your four strong arms can wield two-handed weapons with a shield.
You possess an exceptional clarity of mind.
Your flesh is cold resistant. (rC+)
You have an increased reservoir of magic. (+10% MP)
You passively dampen the noise of your surroundings.


Message History

The sticky flame misses you. The redback closely misses you.
The culicivora closely misses you.
You closely miss the sun moth.
The sun moth is almost dead.
The demonic crawler completely misses you.
The demonic crawler barely misses you. You block the demonic crawler's attack.
The redback bites you. The sun moth misses you. The culicivora bites you!
The culicivora draws strength from your injuries!
The jumping spider leaps!
The demonic crawler completely misses you.
The demonic crawler misses you. The demonic crawler barely misses you.
The redback bites you!
You are poisoned.
The redback poisons you!
You puncture the sun moth!
You kill the sun moth!
You feel extremely sick. You block the culicivora's attack.
The redback closely misses you. The demonic crawler closely misses you.
The demonic crawler hits you. You block the demonic crawler's attack.
The culicivora bites you but does no damage.
The jumping spider leaps!
You are too injured to fight recklessly!
You slice the redback like a ripe choko!!!
You kill the redback!
You feel extremely sick.
The demonic crawler completely misses you.
You block the demonic crawler's attack. The demonic crawler closely misses you.
You block the culicivora's attack.
Uskayaw will force your foes to helplessly watch your dance.
You pick your way through the web.
You feel extremely sick. The culicivora misses you.
The demonic crawler completely misses you.
The demonic crawler barely misses you. The demonic crawler misses you.
The culicivora misses you.
The demonic crawler shrieks in warning!
You hear a faint skittering sound.
You hear a skittering sound. x3
You hear a faint skittering sound.
There is a web here.
You slash the culicivora!
The culicivora is moderately wounded.
You feel very sick.
You hear a faint skittering sound.
The culicivora completely misses you. The demonic crawler hits you.
You block the demonic crawler's attack. The demonic crawler misses you.
A culicivora comes into view.
You miss the culicivora.
The culicivora is moderately wounded.
You feel very sick.
A wolf spider comes into view.
The culicivora completely misses you.
A jumping spider comes into view.
The demonic crawler hits you but does no damage.
The demonic crawler closely misses you. The demonic crawler hits you!
You block the culicivora's attack.
A tarantella comes into view.
The jumping spider moves out of view.
You barely miss the culicivora.
The culicivora is moderately wounded.
You feel very sick.
You block the demonic crawler's attack. x2
The demonic crawler completely misses you.
The culicivora bites you!
* * * LOW HITPOINT WARNING * * *
The culicivora draws strength from your injuries!
You block the demonic crawler's attack. The demonic crawler misses you.
The demonic crawler hits you.
* * * LOW HITPOINT WARNING * * *
Unknown command.
Unknown command.
Unknown command.
As you read the scroll of fear, it crumbles to dust.
You assume a fearsome visage.
The culicivora looks frightened!
The tarantella looks frightened!
The demonic crawler looks frightened!
The wolf spider looks frightened!
The jumping spider looks frightened!
You feel very sick.
The jumping spider leaps!
A wolf spider comes into view.
You feel much better.
You feel sick.
The pharaoh ant gives a chilling moan.
You impale the pharaoh ant!!
The pharaoh ant is almost destroyed.
You feel sick. The pharaoh ant misses you.
A culicivora comes into view.
Uskayaw will force your foes to share their pain.
You hit the pharaoh ant but do no damage.
The pharaoh ant is almost destroyed.
You feel sick. You block the pharaoh ant's attack.
A sun moth comes into view.
The pharaoh ant bites you!
* * * LOW HITPOINT WARNING * * *
You barely miss the pharaoh ant.
The pharaoh ant is almost destroyed.
You feel sick.
A steelbarb worm comes into view.
The pharaoh ant bites you!!
* * * LOW HITPOINT WARNING * * *
You feel drained.
You die...

. #............... ..
#^^..$s.........
B.^##^.........[...
.^.^..............
##.^.....†......
#^......†....... . #
###.[.......#.....
...y#.#...........##....
...^...@..^^#.#~~.###...
w#~^...Bs^###.###.###^..
###....^~##...##..##...
#..s..##..†..##.##...
##.............###.(.
.^....##{.†..##.##...
.##...^.##...##^.##...
^...s. ##.###..##...
#^#^..###...


You could see a sun moth, a steelbarb worm (wandering), a wolf spider, 3
culicivoras and a pharaoh ant.

Vanquished Creatures
  Nikola (Spider:4)
  Jorgrun (Spider:1)
  Frances (D:12)
  An azure jelly (Spider:1)
  An emperor scorpion (Spider:3)
  2 ghost moths
  An orc warlord (Orc:2)
  3 reapers (IceCv)
  An ironbound preserver (D:13)
  A broodmother (Spider:3)
  2 spark wasps (Spider:4)
  Josephine (Orc:2)
  An ettin (D:15)
  A fire dragon (D:14)
  2 entropy weavers
  4 catoblepae
  Erica (Lair:1)
  10 hydras
  An ogre mage (D:15)
  3 radroaches
  2 centaur warriors
  3 boulder beetles
  13 two-headed ogres
  3 death yaks (Lair:5)
  5 tengu warriors
  An orc high priest (Orc:2)
  Urug (Orc:2)
  A hell knight (D:15)
  Nergalle (D:12)
  Amaemon (Lair:2)
  Lodul (D:10)
  3 skeletal warriors (D:14)
  3 sun moths
  2 goliath frogs (Lair:5)
  5 steelbarb worms
  An obsidian statue (IceCv)
  5 pharaoh ants
  5 orb spiders
  A bog body (IceCv)
  2 wizards (D:15)
  An orange crystal statue (IceCv)
  3 orc knights
  Pikel (D:8)
  4 spriggan simulacra (IceCv)
  A necromancer (D:15)
  2 orc sorcerers (Orc:2)
  14 wolf spiders
  6 ugly things
  8 slime creatures (D:13)
  4 cyclopes
  2 manticores
  3 black mambas
  2 moths of wrath
  14 elephants
  A black mamba (shapeshifter) (D:15)
  4 torpor snails
  Maurice (D:8)
  20 cane toads
  An orange demon (Lair:3)
  Maggie (D:6)
  3 kobold demonologists
  3 rime drakes (Lair:5)
  An efreet (D:13)
  9 freezing wraiths
  5 demonic crawlers
  A komodo dragon (shapeshifter) (D:13)
  2 ice devils (IceCv)
  10 komodo dragons
  2 tengu conjurers
  2 anaconda simulacra (IceCv)
  A burning bush (Lair:5)
  5 trolls
  12 meliai
  18 tarantellas
  A polar bear (Lair:2)
  3 tyrant leeches (Lair:5)
  26 blink frogs
  12 jumping spiders
  A shadow (D:10)
  Sigmund (D:2)
  5 vampires
  12 culicivoras
  A centaur simulacrum (D:14)
  6 wraiths
  53 yaks
  A human (shapeshifter) (D:13)
  A dire elephant simulacrum (IceCv)
  Eustachio (D:5)
  A hog (shapeshifter) (D:13)
  3 wyverns
  2 steam dragons
  3 basilisks
  25 redbacks
  20 vampire mosquitoes
  Menkaure (D:6)
  4 minotaur simulacra (IceCv)
  A harpy simulacrum (IceCv)
  An acid dragon (D:12)
  5 wargs
  Edmund (D:6)
  12 water moccasins
  A hydra simulacrum (IceCv)
  A black bear (Lair:3)
  2 sky beasts
  An ettin simulacrum (IceCv)
  19 orc warriors
  11 ogres
  An alligator simulacrum (IceCv)
  4 centaurs
  16 wolves
  2 lemures (D:8)
  3 phantoms
  3 kobold brigands (D:13)
  18 bullfrogs
  5 scorpions
  2 necrophages
  2 gnoll sergeants
  2 deep troll simulacra (IceCv)
  11 wights
  2 troll zombies (D:10)
  6 killer bees (D:9)
  5 howler monkeys
  2 jellies (D:6)
  A gnoll bouda (D:6)
  2 hounds
  10 orc priests
  3 iguanas
  Crazy Yiuf (D:2)
  24 orc wizards
  6 ogre zombies (D:10)
  14 gnolls
  4 adders
  A shadow imp (D:8)
  3 white imps
  An ufetubus (D:6)
  A dart slug (D:2)
  48 orcs
  7 endoplasms
  3 giant cockroaches
  4 goblins
  7 hobgoblins
  4 jackals
  3 quokkas
  2 ball pythons
  2 bats (D:2)
  3 frilled lizards
  A goblin zombie (D:10)
  3 hobgoblin skeletons (D:10)
  3 hobgoblin zombies (D:10)
  16 kobolds
  2 orc skeletons (D:10)
  16 orc zombies (D:10)
  8 rats
790 creatures vanquished.

Vanquished Creatures (others)
  A torpor snail (Spider:2)
  An orc wizard (D:8)
  20 fungi
  132 plants
154 creatures vanquished.

Grand Total: 944 creatures vanquished

Notes
Turn   | Place    | Note
-------+----------+-------------------------------------------
     0 | D:1      | Flugkiller the Formicid Hunter began the quest for the Orb.
     0 | D:1      | Reached XP level 1. HP: 16/16 MP: 1/1
   308 | D:1      | Reached XP level 2. HP: 19/23 MP: 2/2
   976 | D:2      | Reached skill level 1 in Staves
  1009 | D:2      | Noticed Sigmund
  1034 | D:1      | Reached XP level 3. HP: 23/29 MP: 3/3
  1279 | D:2      | Identified the +0 pair of gloves "Taucacku" {rCorr Int+2}
  1399 | D:2      | Found a runed translucent door.
  1400 | D:2      | Noticed Crazy Yiuf
  1469 | D:2      | Found a broken altar of Ashenzari.
  1478 | D:2      | Identified the +8 dagger "Wiunog" {drain, rF+ Dex+4}
  1649 | D:2      | Killed Sigmund
  1650 | D:2      | Reached XP level 4. HP: 10/40 MP: 4/4
  1650 | D:2      | Reached XP level 5. HP: 11/46 MP: 5/5
  1650 | D:2      | Reached XP level 6. HP: 13/52 MP: 6/6
  2026 | D:2      | Killed Crazy Yiuf
  2398 | D:3      | Identified the +1 ring mail of the Eternal Fruit {Int+2}
  2451 | D:3      | Identified the +1 robe "Zut Lim" {Int+6}
  2489 | D:3      | Found Zaepem's General Store.
  2735 | D:3      | Found a glowing silver altar of Zin.
  2735 | D:3      | Found an opulent altar of Gozag.
  3317 | D:4      | Found a burning altar of Makhleb.
  3330 | D:4      | Identified the +0 leather armour of Hysteria {rElec Will-
                  | rCorr Int-4}
  3431 | D:4      | Reached XP level 7. HP: 50/60 MP: 7/7
  3838 | D:5      | Entered Level 5 of the Dungeon
  3925 | D:5      | Reached skill level 1 in Evocations
  4070 | D:5      | Noticed Eustachio
  4130 | D:5      | Killed Eustachio
  4131 | D:5      | Reached XP level 8. HP: 37/67 MP: 8/8
  4477 | D:5      | You fall into a shaft and drop 2 floors!
  4575 | D:6      | Noticed Edmund
  4600 | D:6      | Reached skill level 5 in Dodging
  4634 | D:6      | Killed Edmund
  4635 | D:6      | Reached skill level 5 in Evocations
  5398 | D:6      | Noticed Menkaure
  5400 | D:6      | Killed Menkaure
  5474 | D:6      | Reached XP level 9. HP: 40/73 MP: 9/9
  5742 | D:6      | Noticed Maggie
  5764 | D:6      | Killed Maggie
  6068 | D:6      | Reached skill level 10 in Fighting
  6079 | D:6      | Reached skill level 1 in Polearms
  6352 | D:7      | Noticed a two-headed ogre
  6405 | D:7      | Killed a two-headed ogre
  6406 | D:7      | Reached skill level 3 in Polearms
  6406 | D:7      | Reached XP level 10. HP: 32/85 MP: 10/10
  6701 | D:7      | Reached skill level 4 in Polearms
  6745 | D:7      | Found a staircase to the Ecumenical Temple.
  6807 | Temple   | Entered the Ecumenical Temple
  6825 | Temple   | Became a worshipper of Uskayaw the Reveller
  7229 | D:8      | Noticed Pikel
  7246 | D:8      | Reached * piety under Uskayaw
  7249 | D:8      | Reached ** piety under Uskayaw
  7277 | D:8      | Found Ethrar's General Store.
  7280 | D:8      | Found Hyaff's Specific Store.
  7738 | D:8      | Noticed Maurice
  7756 | D:8      | Reached *** piety under Uskayaw
  7757 | D:8      | Killed Maurice
  7758 | D:8      | Reached skill level 5 in Polearms
  8001 | D:8      | Reached skill level 6 in Polearms
  8020 | D:8      | Reached **** piety under Uskayaw
  8025 | D:8      | Reached ***** piety under Uskayaw
  8414 | D:8      | Reached skill level 7 in Polearms
  8629 | D:8      | Noticed a kobold demonologist
  8637 | D:8      | Noticed an orange demon
  8638 | D:8      | Killed a kobold demonologist
  8641 | D:8      | Reached ****** piety under Uskayaw
  8713 | D:8      | Reached skill level 8 in Polearms
  8713 | D:8      | Reached XP level 11. HP: 57/90 MP: 11/11
  9561 | D:9      | Reached skill level 9 in Polearms
  9576 | D:9      | Noticed a purple ugly thing
  9586 | D:9      | Killed a purple ugly thing
 10246 | D:9      | Gained mutation: You do not regenerate when monsters are
                  | visible. [potion of mutation]
 10246 | D:9      | Gained mutation: You passively dampen the noise of your
                  | surroundings. [potion of mutation]
 10246 | D:9      | Gained mutation: You are somewhat resistant to further
                  | mutation. [potion of mutation]
 10247 | D:9      | Lost mutation: You do not regenerate when monsters are
                  | visible. [potion of mutation]
 10247 | D:9      | Lost mutation: You are somewhat resistant to further
                  | mutation. [potion of mutation]
 10247 | D:9      | Gained mutation: Your flesh is cold resistant. (rC+)
                  | [potion of mutation]
 10247 | D:9      | Gained mutation: You possess an exceptional clarity of
                  | mind. [potion of mutation]
 10247 | D:9      | Gained mutation: You have an increased reservoir of magic.
                  | (+10% MP) [potion of mutation]
 10284 | D:10     | Entered Level 10 of the Dungeon
 10395 | D:10     | Noticed Lodul
 10722 | D:10     | Found Fuutiume's General Store.
 10816 | D:10     | Reached skill level 10 in Polearms
 10818 | D:10     | Reached skill level 1 in Invocations
 11006 | D:10     | Found a staircase to the Orcish Mines.
 11100 | D:10     | Noticed a two-headed ogre
 11118 | D:10     | Killed a two-headed ogre
 11299 | D:10     | Killed Lodul
 11448 | D:10     | Reached XP level 12. HP: 95/98 MP: 15/15
 11585 | D:10     | Found Rov Ejev's Antique Weapon Emporium.
 11932 | D:8      | Killed Pikel
 12072 | D:11     | Reached skill level 11 in Polearms
 12185 | D:11     | Found Vaot's General Store.
 12193 | D:11     | Bought a potion of heal wounds for 65 gold pieces
 12257 | D:11     | Noticed a two-headed ogre
 12267 | D:11     | Killed a two-headed ogre
 12475 | D:11     | Found a staircase to the Lair.
 12498 | Lair:1   | Entered Level 1 of the Lair of Beasts
 12514 | Lair:1   | Reached skill level 5 in Invocations
 13156 | Lair:1   | Noticed Erica
 13163 | Lair:1   | Killed Erica
 13164 | Lair:1   | Reached skill level 12 in Polearms
 13603 | Lair:2   | Noticed a four-headed hydra
 13604 | Lair:2   | Noticed a catoblepas
 13951 | Lair:2   | Reached XP level 13. HP: 106/106 MP: 19/19
 13968 | Lair:2   | Killed a one-headed hydra
 13992 | Lair:2   | Killed a catoblepas
 13993 | Lair:2   | Reached skill level 10 in Dodging
 14224 | Lair:2   | Noticed a seven-headed hydra
 14233 | Lair:2   | Killed a three-headed hydra
 14250 | Lair:2   | Reached skill level 13 in Polearms
 14251 | Lair:2   | HP: 5/107 [blink frog (8)]
 14957 | Lair:3   | Noticed a seven-headed hydra
 14968 | Lair:3   | Killed a three-headed hydra
 15639 | Lair:3   | Found a hole to the Spider Nest.
 15738 | Lair:3   | Found a staircase to the Swamp.
 15818 | Lair:3   | Noticed Amaemon
 15875 | Lair:2   | Killed Amaemon
 16554 | Lair:4   | Noticed a six-headed hydra
 16564 | Lair:4   | Killed a one-headed hydra
 16565 | Lair:4   | Reached XP level 14. HP: 67/116 MP: 22/22
 16866 | Lair:4   | You fall into a shaft and drop 1 floor!
 16866 | Lair:5   | Entered Level 5 of the Lair of Beasts
 16881 | Lair:5   | Reached skill level 14 in Polearms
 16985 | Lair:5   | Noticed Flugkiller's ghost (journeyman MeIE)
 16986 | Lair:5   | Noticed a minotaur
 18307 | Lair:5   | Found a runed translucent gate.
 18308 | Lair:5   | Found a runed translucent gate.
 18308 | Lair:5   | Found a runed translucent gate.
 18800 | Lair:5   | Reached skill level 15 in Polearms
 18865 | Lair:5   | Reached skill level 10 in Invocations
 19267 | Lair:5   | Reached XP level 15. HP: 124/124 MP: 24/24
 19299 | Lair:5   | Got the Papyrus of the Geological Compass
 19452 | Lair:5   | Found a viscous altar of Jiyva.
 19452 | Lair:5   | Found a staircase to the Slime Pits.
 20052 | D:12     | Found Zoepn's Weapon Shoppe.
 20052 | D:12     | Noticed Frances
 20079 | D:12     | Killed Frances
 20334 | D:12     | Identified the +6 spear of Doom {holy, rCorr}
 20367 | D:12     | Noticed Nergalle
 20372 | D:12     | Killed Nergalle
 20937 | D:3      | Bought the +13 scythe of Curses {drain, Drain} for 1040
                  | gold pieces
 20937 | D:3      | Found the +13 scythe of Curses {drain, Drain}
 21068 | D:13     | Found Jufipn's Assorted Antiques.
 21087 | D:13     | Reached skill level 16 in Polearms
 21456 | D:13     | Noticed an ironbound preserver
 21579 | D:13     | Killed an ironbound preserver
 21967 | D:13     | Found a gate to the Vaults.
 22470 | D:13     | Found a runed translucent gate.
 22470 | D:13     | Found a runed translucent gate.
 22776 | D:13     | Noticed wilfster70's ghost (journeyman MiFi)
 22777 | D:13     | Found a runed translucent gate.
 22856 | D:13     | Bought 2 scrolls of fear for 280 gold pieces
 23383 | D:14     | Found Qyzoun's General Store.
 23391 | D:14     | Bought a scroll of fear for 76 gold pieces
 23431 | D:14     | Reached skill level 17 in Polearms
 23597 | D:14     | Found an iron altar of Okawaru.
 23676 | D:14     | Found Wusot's Island Escapes.
 24267 | D:15     | Entered Level 15 of the Dungeon
 24272 | D:15     | Reached XP level 16. HP: 134/134 MP: 25/25
 24544 | D:15     | Reached skill level 15 in Fighting
 25040 | D:15     | Reached skill level 18 in Polearms
 25040 | D:15     | Found a staircase to the Depths.
 25105 | D:15     | Reached skill level 1 in Shields
 25388 | Orc:1    | Entered Level 1 of the Orcish Mines
 25601 | Orc:2    | Entered Level 2 of the Orcish Mines
 25601 | Orc:2    | Noticed Josephine
 25609 | Orc:2    | Killed Josephine
 25859 | Orc:2    | Found a staircase to the Elven Halls.
 25975 | Orc:2    | Noticed Urug
 25988 | Orc:2    | Killed Urug
 25996 | Orc:2    | Found Nelopel's Book Shoppe.
 26051 | Orc:2    | Found Ulun Qaa's General Store.
 26057 | Orc:2    | Bought a scroll of fear for 64 gold pieces
 26202 | Orc:2    | Found Vyonem Niel's Antique Armour Shoppe.
 26287 | Orc:2    | Found Sufam's Antique Weapon Shoppe.
 26565 | D:8      | Bought the +3 leather armour of Life {rElec rPois} for 528
                  | gold pieces
 26565 | D:8      | Bought a scroll of fear for 60 gold pieces
 26737 | Spider:1 | Entered Level 1 of the Spider Nest
 26753 | Spider:1 | Reached skill level 5 in Shields
 26854 | Spider:1 | Found a frozen archway.
 26854 | Spider:1 | Noticed an azure jelly
 26865 | Spider:1 | Killed an azure jelly
 26868 | Spider:1 | Reached skill level 19 in Polearms
 26892 | IceCv    | Entered an ice cave
 27837 | IceCv    | Reached XP level 17. HP: 110/142 MP: 26/26
 28052 | IceCv    | Got Mudasch's Opusculum on the Snowflakes
 28393 | Spider:1 | Got the Spellbook of the Lungs
 28522 | Spider:1 | Noticed Jorgrun
 28628 | Spider:1 | Killed Jorgrun
 29343 | Spider:2 | Identified the +4 scale mail of Umpysifal {rF+ Int+5}
 31305 | Spider:4 | Entered Level 4 of the Spider Nest
 31774 | Spider:4 | Noticed Nikola
 31782 | Spider:4 | Killed Nikola
 31827 | Spider:4 | Reached XP level 18. HP: 138/151 MP: 29/29
 32034 | Spider:4 | HP: 1/151 [pharaoh ant (33)]
 32034 | Spider:4 | Slain by a pharaoh ant

Illustrated notes

Levels and vault maps discovered:
D:1:      nzn_arrival_settlement, layout_loops_corners
D:2:      layout_basic, basic_altar, feat_on_display, uniq_sigmund,
          uniq_crazy_yiuf_cottage
D:3:      layout_loops_ring, grunt_temple_overflow_gold_and_silver,
          serial_shops, nicolae_shop_statue_plus
D:4:      layout_loops_ring, mainiacjoe_overflow_alcove_2, corexii_shack,
          hangedman_decor_points
D:5:      layout_loops_ring, serial_co_window_serial, co_window_corner_a,
          co_window_corner_a, co_window_paths_a, co_window_paths_b,
          co_window_of_opportunity_a, co_window_of_opportunity_a,
          co_window_paths_b, co_window_paths_c, co_window_of_opportunity_b,
          co_window_broadway_c, glass_columns_a, glass_columns_b,
          glass_columns_a, glass_columns_b, glass_columns_a, uniq_eustachio
D:6:      layout_cave_pools, serial_glass, glass_columns_b, glass_columns_c,
          st_stairs_10, uniq_menkaure, uniq_edmund, uniq_maggie
D:7:      layout_cave_pools, minmay_temple_entry_overgrown
D:8:      layout_loops_ring, nicolae_specific_store, minmay_bent, uniq_maurice,
          uniq_pikel
D:9:      layout_roguey
D:10:     layout_gridville, zombieorc2_lemuel, serial_shops, shop, shop,
          minmay_misc_feat_roman, uniq_lodul
D:11:     layout_roguey, david_lair_shrubbed, serial_shops, shop
D:12:     layout_gridville, serial_shops, nicolae_shop_bloodbath_and_beyond,
          minmay_fractal_squares_gapless_5, uniq_nergalle, uniq_frances
D:13:     layout_irregular_city, skrybe_vaults_entry_preservation,
          gammafunk_ghost_nasty_kobolds, serial_shops, nicolae_shop_waterfront
D:14:     cheibrodos_quadrivalence, layout_long_grid, serial_shops, shop_statue,
          okawaru_trees_1, nicolae_island_escapes
D:15:     hangedman_depths_entry_civil_slaughter, layout_rooms,
          minmay_misc_feat_tower
Temple:   nicolae_temple_bog_church
Lair:1:   layout_layer_cave, uniq_erica
Lair:2:   layout_misc_corridors, grunt_megastairs_5, infiniplex_staircase_pool
Lair:3:   layout_regular_city, swamp_mist_pool, spider_nest_entry_web_field,
          grunt_megastairs_1, serial_bayou_shore_a, uniq_amaemon
Lair:4:   layout_regular_city, serial_bayou_shore_b
Lair:5:   minmay_lair_end_frog_pond, layout_loops_ring,
          dpeg_slime_entry_enclosed, maelrawn_ghost_gauntlet_escape,
          evilmike_ambush [evilmike_ambush_outer_corners,
          evilmike_ambush_inner_basic]
Spider:1: layout_spider_delve, portal_ice_cave_entry_frozen_things, uniq_jorgrun
Spider:2: layout_spider_delve, einodemon_crawler_minivault,
          hangedman_spider_tarantella_strand
Spider:3: layout_cave_pods
Spider:4: hellmonk_spider_rune_endless_swarm, hellmonk_motheaten_closet,
          uniq_nikola
Orc:1:    layout_diamond_mine
Orc:2:    grunt_orc_cross, layout_caves, nicolae_orc_damp_corner, uniq_josephine

Skill      XL: |  1  2  3  4  5  6  7  8  9 10 11 12 13 14 15 16 17 18 |
---------------+-------------------------------------------------------+-----
Fighting       | 3 6 7 10 11 12 13 14 15 16 | 16.0
Staves         | 1 |  1.5
Dodging        | 2 4 5 6 7 9 10 11 12 | 12.0
Evocations     | 2 6 8 |  8.0
Polearms       | 3 8 10 12 13 15 17 19 | 19.9
Invocations    | 3 6 8 10 11 | 11.9
Shields        | 6 9 |  9.5
Ranged Weapons | |  4.0
Stealth        | |  1.2

Action                   |  1- 3 |  4- 6 |  7- 9 | 10-12 | 13-15 | 16-18 || total
-------------------------+-------+-------+-------+-------+-------+-------++-------
Melee: Lajatang          |    53 |       |       |       |       |       ||    53
       Dagger            |    11 |    52 |       |       |       |       ||    63
       Punch             |     1 |     1 |       |     4 |     8 |     1 ||    15
       Glaive            |       |       |       |   303 |   513 |       ||   816
       Scythe            |       |       |       |       |   201 |   687 ||   888
 Fire: Shortbow          |     7 |       |       |       |       |       ||     7
       Sling             |       |    15 |   285 |   209 |       |       ||   509
Throw: Dart              |       |       |       |       |       |     1 ||     1
Invok: Line Pass         |       |       |       |       |     1 |       ||     1
       Grand Finale      |       |       |       |       |       |     1 ||     1
Evoke: Wand              |       |       |     2 |     1 |     2 |     7 ||    12
       Phial of floods   |       |       |       |       |     2 |     1 ||     3
       Tin of tremorston |       |       |       |       |       |     1 ||     1
  Use: Scroll            |       |     6 |     5 |    14 |     5 |     5 ||    35
       Potion            |       |       |     2 |     4 |     1 |     1 ||     8
 Stab: Sleeping          |     4 |     2 |       |     4 |     7 |    20 ||    37
       Paralysed         |       |       |       |    22 |    65 |    67 ||   154
       Distracted        |       |       |       |     2 |     2 |     5 ||     9
       Petrified         |       |       |       |       |     1 |       ||     1
Armor: Leather armour    |    21 |     9 |    74 |   106 |   117 |   122 ||   449
       Skin              |       |       |       |     9 |       |       ||     9
Dodge: Dodged            |    46 |    26 |   162 |   336 |   711 |   526 ||  1807
Block: Buckler           |       |       |       |       |       |   249 ||   249

Table legend: (Time is in decaauts)
 A = Elapsed time spent in this place.
 B = Non-inter-level travel time spent in this place.
 C = Inter-level travel time spent in this place.
 D = Time resting spent in this place.
 E = Time spent auto-exploring this place.
 F = Levels seen in this place.
 G = Mean time per level.
                   A        B        C        D        E       F      G
               +--------+--------+--------+--------+--------+-----+--------+
         Total |  32374 |  30644 |   1730 |  11882 |  12658 |  28 | 1156.2 |
       Dungeon |  18342 |  17067 |   1275 |   6230 |   7653 |  15 | 1222.8 |
        Temple |     26 |     20 |      6 |      0 |     13 |   1 |   26.0 |
          Lair |   7593 |   7303 |    290 |   3217 |   2826 |   5 | 1518.6 |
   Spider Nest |   4020 |   3945 |     75 |   1547 |   1443 |   4 | 1005.0 |
  Orcish Mines |   1098 |   1016 |     82 |      0 |    718 |   2 |  549.0 |
      Ice Cave |   1293 |   1293 |      0 |    888 |      3 |   1 | 1293.0 |
               +--------+--------+--------+--------+--------+-----+--------+

Top non-repeatable levels by time:
    D:13: 2255 daAuts
     D:8: 2181 daAuts
  Lair:5: 2138 daAuts
  Lair:1: 1969 daAuts
Spider:3: 1929 daAuts
  Lair:3: 1627 daAuts
     D:5: 1526 daAuts
     D:9: 1431 daAuts
    D:10: 1386 daAuts
   IceCv: 1293 daAuts
     D:7: 1187 daAuts
    D:14: 1187 daAuts
     D:2: 1178 daAuts
     D:1: 1055 daAuts
  Lair:4: 1050 daAuts
